 Dungeon Crawl Stone Soup version 0.29.1-12-g30fa7ad0bf (webtiles) character file.

Game seed: 15917818138161070014

1897 MalleusM the Protected (level 8, -4/73 HPs)
             Began as a Minotaur Fighter on Dec 19, 2022.
             Slain by a spriggan
             ... wielding a +0 trident
              (7 damage)
             ... in a bailey.
             The game lasted 00:23:16 (6046 turns).

MalleusM the Protected (Minotaur Fighter)           Turns: 6046, Time: 00:23:17

Health: -4/73      AC: 10    Str: 22    XL:     8   Next: 93%
Magic:  7/7        EV:  5    Int:  5    God:
Gold:   336        SH: 16    Dex: 17    Spells: 7/7 levels left

rFire   . . .      SeeInvis .   f - +5 morningstar (flame)
rCold   . . .      Faith    .   w - +0 tower shield
rNeg    . . .      Spirit   .   j - +0 chain mail
rPois   .          Reflect  .   (helmet restricted)
rElec   .          Harm     .   (no cloak)
rCorr   .          Rampage  .   (no gloves)
Will    .....                   (no boots)
Stlth   ..........              (no amulet)
HPRegen 0.22/turn               e - ring of flight
MPRegen 0.10/turn               s - +6 ring of dexterity

@: flying
A: horns 2, retaliatory headbutt
a: no special abilities


You were in a bailey.
You visited 1 branch of the dungeon, and saw 7 of its levels.
You also visited: Sewer and Bailey.

You collected 336 gold pieces.

Inventory:

Hand Weapons
 a - a +0 long sword
 f - a +5 morningstar of flaming (weapon)
 g - a +2 short sword of flaming
 B - the +8 hand axe of Lemu {vorpal, rC+ Will+ rCorr}
   (You found it on level 6 of the Dungeon)

   It inflicts extra damage upon your enemies.
   rC:        It protects you from cold.
   rCorr:     It protects you from acid and corrosion.
   Will:      It increases your willpower.
Missiles
 A - 4 throwing nets (quivered)
Armour
 c - a +0 buckler
 j - a +0 chain mail (worn)
 n - a +0 helmet
 w - a +0 tower shield (worn)
Jewellery
 e - a ring of flight (left hand)
 i - a ring of willpower
 l - a ring of ice
 s - a +6 ring of dexterity (right hand)
 u - an amulet of magic regeneration
 E - a +6 ring of intelligence
Wands
 p - a wand of paralysis (24)
Scrolls
 k - 6 scrolls of teleportation
 t - a scroll of blinking
 v - 4 scrolls of identify
 x - a scroll of enchant weapon
 y - a scroll of immolation {unknown}
 C - a scroll of torment {unknown}
 D - a scroll of enchant armour {unknown}
Potions
 b - 3 potions of curing {unknown}
 d - 2 potions of might
 h - a potion of brilliance
 m - a potion of mutation {unknown}
 o - 3 potions of heal wounds {unknown}
 q - 2 potions of magic
 r - a potion of lignification {unknown}
 z - a potion of resistance


   Skills:
 + Level 7.6 Fighting
 - Level 1.2(2.1) Short Blades
 - Level 2.9(3.1) Long Blades
 + Level 6.1 Axes
 - Level 0.4(3.7) Maces & Flails
 + Level 8.0 Armour
 - Level 1.1 Dodging
 - Level 0.5 Stealth
 + Level 7.7 Shields


You had 7 spell levels left.
You didn't know any spells.
Your spell library contained the following spells:

 Spells                   Type           Power      Damage    Failure   Level
 Magic Dart               Conj           0%         1d3       100%        1
 Slow                     Hex            0%         N/A       100%        1
 Summon Small Mammal      Summ           0%         N/A       100%        1
 Call Imp                 Summ           0%         N/A       100%        2
 Call Canine Familiar     Summ           0%         N/A       100%        3
 Confusing Touch          Hex            0%         N/A       100%        3
 Dazzling Flash           Conj/Hex       0%         N/A       100%        3
 Mephitic Cloud           Conj/Pois/Air  0%         N/A       100%        3
 Summon Guardian Golem    Hex/Summ       0%         N/A       100%        3
 Vampiric Draining        Necr           0%         2d6       100%        3
 Agony                    Necr           0%         N/A       100%        5
 Silence                  Hex/Air        0%         N/A       100%        5


Dungeon Overview and Level Annotations

Branches:
Dungeon (7/15)              Sewer (visited)          Bailey (1/1)
 Temple: D:4-7

Altars:
Ashenzari
Nemelex Xobeh
Qazlal
Uskayaw
Zin

Shops:
D:2 ([[*(   D:4 *


Innate Abilities, Weirdness & Mutations

You have a pair of horns on your head.
You reflexively headbutt those who attack you in melee.


Message History

You closely miss the spriggan. You block the spriggan's attack.
The spriggan hits you with a +0 trident.
You block the ogre's attack.
The spriggan hits you with a +0 trident!
The spriggan attacks as you move away!
The spriggan hits you with a +0 trident.
The spriggan hits you with a +0 trident!
You block the spriggan's attack. You block the spriggan's attack.
The spriggan hits you but does no damage.
The spriggan hits you from afar with a +0 trident!
You block the ogre's attack. You block the spriggan's attack. x2
You block the spriggan's attack. x2
The spriggan hits you from afar with a +0 trident.
You block the spriggan's attack.
The spriggan hits you from afar with a +0 trident!
* * * LOW HITPOINT WARNING * * *
You block the spriggan's attack.
Blink to where?
Press: ? - help, Dir - move target
As you read the scroll of blinking, it crumbles to dust.
You see here a +0 glaive.
You block the spriggan's attack.
The spriggan hits you but does no damage.
The spriggan hits you with a +0 trident.
* * * LOW HITPOINT WARNING * * *
You block the spriggan's attack.
You bludgeon the spriggan!! You burn the spriggan.
Your headbutt misses the spriggan.
The spriggan is almost dead.
The spriggan hits you with a +0 trident.
* * * LOW HITPOINT WARNING * * *
You block the spriggan's attack. x2
The spriggan hits you with a +0 trident!
* * * LOW HITPOINT WARNING * * *
You miss the spriggan. Your headbutt misses the spriggan.
The spriggan is almost dead.
The spriggan hits you with a +0 trident!
You die...

#..# ♣..# ♣..#
#..# ##..# .#
##..## ..#
##O.##
#..#♣♣####..##
#.......@i##
##.....i.##
##~~~~~##
#~~~~~#
###~~~))###
##.........##
##...........##
#....∩...∩....#
##...........##


You could see an ogre and 2 spriggans.

Vanquished Creatures
  An ice beast (D:6)
  4 ogres
  A centaur (D:6)
  A phantom (D:6)
  A bullfrog (D:6)
  A necrophage (D:6)
  2 scorpions
  5 wights (D:7)
  2 hounds
  A jelly (D:6)
  An orc priest (D:3)
  A gnoll bouda (D:6)
  Jessica (D:2)
  7 orc wizards
  5 iguanas
  A merfolk siren (Sewer)
  A merfolk avatar (Sewer)
  4 gnolls (D:6)
  6 adders
  2 river rats (Sewer)
  A white imp (D:3)
  3 worms
  4 dart slugs
  26 orcs
  14 ball pythons
  4 bats
  5 endoplasms
  2 giant cockroaches (Sewer)
  14 goblins
  10 hobgoblins
  3 quokkas
  6 frilled lizards
  12 kobolds
  21 rats
173 creatures vanquished.

Notes
Turn   | Place    | Note
-------+----------+-------------------------------------------
     0 | D:1      | MalleusM the Minotaur Fighter began the quest for the Orb.
     0 | D:1      | Reached XP level 1. HP: 19/19 MP: 0/0
   148 | D:1      | Reached XP level 2. HP: 20/27 MP: 1/1
   596 | D:1      | Reached skill level 4 in Armour
   686 | D:1      | Reached XP level 3. HP: 31/33 MP: 2/2
  1046 | D:2      | Found a faded altar of an unknown god.
  1072 | D:2      | Found Paoschaep's General Store.
  1116 | D:2      | Found Lemmotse's Antique Armour Boutique.
  1165 | D:2      | Noticed Jessica
  1175 | D:2      | Killed Jessica
  1176 | D:2      | Reached skill level 1 in Dodging
  1176 | D:2      | Reached XP level 4. HP: 40/40 MP: 3/3
  1340 | D:2      | Found Heazog's Weapon Shop.
  1504 | D:2      | Found Lavoiras's Antique Armour Shoppe.
  1511 | D:2      | Found Koull's Weapon Shop.
  1645 | D:3      | Reached skill level 1 in Short Blades
  1801 | D:3      | Reached skill level 5 in Armour
  1828 | D:3      | Reached XP level 5. HP: 46/46 MP: 4/4
  1836 | D:3      | Reached skill level 1 in Axes
  2555 | D:4      | Reached skill level 5 in Shields
  2555 | D:4      | Reached XP level 6. HP: 41/53 MP: 5/5
  2818 | D:4      | Reached skill level 5 in Fighting
  3157 | D:4      | Found Widaer's General Store.
  3452 | D:5      | Entered Level 5 of the Dungeon
  3458 | D:5      | Reached skill level 6 in Armour
  3458 | D:5      | Reached XP level 7. HP: 52/61 MP: 6/6
  3658 | D:5      | Found a glowing silver altar of Zin.
  3660 | D:5      | Found a sparkling altar of Nemelex Xobeh.
  3660 | D:5      | Found a hide-covered altar of Uskayaw.
  3661 | D:5      | Found a stormy altar of Qazlal.
  3716 | D:5      | Found a glowing drain.
  3734 | Sewer    | Entered a sewer
  4746 | D:5      | Found a broken altar of Ashenzari.
  4937 | D:6      | Reached XP level 8. HP: 53/70 MP: 7/7
  5081 | D:6      | Reached skill level 7 in Armour
  5122 | D:6      | Reached skill level 5 in Axes
  5130 | D:6      | Identified the +8 hand axe of Lemu {vorpal, rC+ Will+
                  | rCorr}
  5564 | D:7      | Found a flagged portal.
  5596 | Bailey   | Entered a bailey
  5697 | Bailey   | Reached skill level 8 in Armour
  6045 | Bailey   | HP: 2/73 [spriggan/+0 trident (8)]
  6046 | Bailey   | Slain by a spriggan

Illustrated notes

Levels and vault maps discovered:
D:1:      minmay_arrival_up_and_down, layout_loops_ring
D:2:      layout_rooms, serial_shops, nicolae_shop_bloodbath_and_beyond,
          nicolae_square_shop, nicolae_lakefront_shop, nicolae_square_shop,
          shop, ebering_ecumenical_altar_webs, chequers_serial_rivers_marsh,
          uniq_jessica
D:3:      layout_loops_ring, minmay_checkerbox
D:4:      layout_gridville, serial_shops, nicolae_shop_crystal,
          minmay_misc_feat_rugged
D:5:      layout_basic, nicolae_overflow_crystal_walls,
          chequers_temple_overflow_statue_of_worship,
          cheibrodos_sewer_entry_bend
D:6:      layout_basic
D:7:      nicolae_cairo_tiling_large_dashed, layout_basic,
          mainiacjoe_overflow_24_doors, minmay_temple_entry_poolview,
          enter_bailey_6, abandoned_shop, uniq_duvessa
Bailey:   bailey_polearm_enchanted_keep_hellmonk, bailey

Skill      XL: |  1  2  3  4  5  6  7  8 |
---------------+-------------------------+-----
Shields        | 4 5 6 7 |  7.7
Armour         | 4 5 6 8 |  8.0
Dodging        | 1 |  1.1
Short Blades   | 1 |  1.2
Fighting       | 4 5 6 7 |  7.6
Axes           | 1 3 4 6 |  6.1
Long Blades    | |  2.9
Maces & Flails | |  0.4
Stealth        | |  0.5

Action                   |  1- 3 |  4- 6 |  7- 9 || total
-------------------------+-------+-------+-------++-------
Melee: Long sword        |    30 |       |       ||    30
       Headbutt          |    10 |    13 |    18 ||    41
       Short sword       |    59 |    30 |       ||    89
       Morningstar       |       |    77 |   148 ||   225
  Use: Potion            |     3 |       |       ||     3
       Scroll            |     1 |     6 |     2 ||     9
Armor: Scale mail        |    35 |       |       ||    35
       Chain mail        |    18 |    49 |   116 ||   183
Dodge: Dodged            |    31 |    39 |    54 ||   124
Block: Buckler           |    23 |    27 |    18 ||    68
       Tower shield      |       |       |   100 ||   100
